TOP OF THE 1ST |
Chula Vista Tacos batting - Pitching for Seattle Rainiers : RHP Esteban Corona
|
Pitching: RHP Esteban Corona
|
|
Batting: RHB Ryan Cates
|
0-0: Called Strike 0-1: Swinging Strike 0-2: Strikes out looking
|
Batting: RHB Fred Ameris
|
0-0: Called Strike 0-1: Called Strike 0-2: Foul Ball, location: 2F 0-2: Ball 1-2: SINGLE (Line Drive, 56D)
|
Batting: LHB Ken Phillips
|
0-0: Ball 1-0: Ball 2-0: Swinging Strike 2-1: Swinging Strike 2-2: Strikes out swinging
|
Batting: RHB John Nelson
|
0-0: Swinging Strike 0-1: Ball 1-1: Swinging Strike 1-2: Ball Fred Ameris is caught stealing 2nd base
|
Top of the 1st over - 0 run(s), 1 hit(s), 0 error(s), 0 left on base; Chula Vista 0 - Seattle 0 |
BOTTOM OF THE 1ST |
Seattle Rainiers batting - Pitching for Chula Vista Tacos : RHP Jesús De Los Santos
|
Pitching: RHP Jesús De Los Santos
|
|
Batting: SHB Vicente Pagán
|
0-0: SINGLE (Groundball, 3D)
|
Batting: LHB Tony Rivera
|
0-0: Ball 1-0: Foul Ball, location: 2F 1-1: Ball 2-1: Ground out U3 (Groundball, 3S) Vicente Pagán to second
|
Batting: SHB Glenn Vadnais
|
0-0: Ground out 1-3 (Groundball, 15S)
|
Batting: RHB Edward Melton
|
0-0: Fly out, F9 (Flyball, 9M)
|
Bottom of the 1st over - 0 run(s), 1 hit(s), 0 error(s), 1 left on base; Chula Vista 0 - Seattle 0 |
TOP OF THE 2ND |
Chula Vista Tacos batting - Pitching for Seattle Rainiers : RHP Esteban Corona
|
Batting: RHB John Nelson
|
0-0: Called Strike 0-1: Swinging Strike 0-2: Foul Ball, location: 2F 0-2: Foul Ball, location: 2F 0-2: Ground out 1-3 (Groundball, 13)
|
Batting: RHB José Oliveira
|
0-0: Foul Ball, location: 2F 0-1: Ball 1-1: Swinging Strike 1-2: Strikes out swinging
|
Batting: LHB Alberto Santos
|
0-0: Ball 1-0: Called Strike 1-1: Foul Ball, location: 2F 1-2: Strikes out swinging
|
Top of the 2nd over - 0 run(s), 0 hit(s), 0 error(s), 0 left on base; Chula Vista 0 - Seattle 0 |
BOTTOM OF THE 2ND |
Seattle Rainiers batting - Pitching for Chula Vista Tacos : RHP Jesús De Los Santos
|
Batting: RHB Bill Dawson
|
0-0: Swinging Strike 0-1: Ball 1-1: Foul Ball, location: 2F 1-2: Strikes out looking
|
Batting: RHB Reynaldo Slomp
|
0-0: Foul Ball, location: 2F 0-1: Ball 1-1: Swinging Strike 1-2: Ball 2-2: Ball 3-2: Ground out 6-3 (Groundball, 6)
|
Batting: RHB Jorge Colón
|
0-0: Called Strike 0-1: SINGLE (Line Drive, 34D)
|
Batting: RHB Robert Marks
|
0-0: Ball 1-0: Ball 2-0: Called Strike 2-1: Foul Ball, location: 2F 2-2: Fly out, F2 (Popup, 2LF)
|
Bottom of the 2nd over - 0 run(s), 1 hit(s), 0 error(s), 1 left on base; Chula Vista 0 - Seattle 0 |
TOP OF THE 3RD |
Chula Vista Tacos batting - Pitching for Seattle Rainiers : RHP Esteban Corona
|
Batting: RHB Cedric Price
|
0-0: Called Strike 0-1: Swinging Strike 0-2: Ball 1-2: Ball 2-2: SINGLE (Line Drive, 8RS)
|
Batting: LHB Karl Hill
|
0-0: Called Strike Cedric Price is caught stealing 2nd base 0-1: Foul Ball, location: 2F 0-2: Ball 1-2: Foul Ball, location: 2F 1-2: Strikes out looking
|
Batting: SHB Michael Aisher
|
0-0: Ball 1-0: Fly out, F9 (Flyball, 9S)
|
Top of the 3rd over - 0 run(s), 1 hit(s), 0 error(s), 0 left on base; Chula Vista 0 - Seattle 0 |
BOTTOM OF THE 3RD |
Seattle Rainiers batting - Pitching for Chula Vista Tacos : RHP Jesús De Los Santos
|
Batting: RHB Doug Williams
|
0-0: Ball 1-0: Ball 2-0: Foul Ball, location: 2F 2-1: SINGLE (Line Drive, 6MD)
|
Batting: SHB Vicente Pagán
|
0-0: Called Strike 0-1: Called Strike 0-2: Strikes out swinging
|
Batting: LHB Tony Rivera
|
0-0: Foul Ball, location: 2F 0-1: Foul Ball, location: 2F 0-2: Fly out, F8 (Flyball, 8LM) 0-2: Fly out, F8 (Flyball, 8LM)
|
Batting: SHB Glenn Vadnais
|
0-0: Called Strike 0-1: Fielders Choice at 2nd, U4 (Groundball, 4M)
|
Bottom of the 3rd over - 0 run(s), 1 hit(s), 0 error(s), 1 left on base; Chula Vista 0 - Seattle 0 |
TOP OF THE 4TH |
Chula Vista Tacos batting - Pitching for Seattle Rainiers : RHP Esteban Corona
|
Batting: RHB Ryan Cates
|
0-0: Ball 1-0: SINGLE (Line Drive, 6MD)
|
Batting: RHB Fred Ameris
|
0-0: Ball Ryan Cates steals 2nd base 1-0: Ball 2-0: Ball 3-0: Called Strike 3-1: Ground out 6-3 (Groundball, 6M) Ryan Cates to third
|
Batting: LHB Ken Phillips
|
0-0: Ground out 4-3 (Groundball, 4) Ryan Cates scores
|
Batting: RHB John Nelson
|
0-0: Foul Ball, location: 2F 0-1: Swinging Strike 0-2: Strikes out looking
|
Top of the 4th over - 1 run(s), 1 hit(s), 0 error(s), 0 left on base; Chula Vista 1 - Seattle 0 |
BOTTOM OF THE 4TH |
Seattle Rainiers batting - Pitching for Chula Vista Tacos : RHP Jesús De Los Santos
|
Batting: RHB Edward Melton
|
0-0: Ball 1-0: Called Strike 1-1: Ground out 6-3 (Groundball, 6)
|
Batting: RHB Bill Dawson
|
0-0: Called Strike 0-1: Ball 1-1: Ground out 4-3 (Groundball, 34)
|
Batting: RHB Reynaldo Slomp
|
0-0: Called Strike 0-1: Ground out 6-3 (Groundball, 6)
|
Bottom of the 4th over - 0 run(s), 0 hit(s), 0 error(s), 0 left on base; Chula Vista 1 - Seattle 0 |
TOP OF THE 5TH |
Chula Vista Tacos batting - Pitching for Seattle Rainiers : RHP Esteban Corona
|
Batting: RHB José Oliveira
|
0-0: Ball 1-0: Swinging Strike 1-1: Foul Ball, location: 2F 1-2: Fly out, F7 (Flyball, 7S)
|
Batting: LHB Alberto Santos
|
0-0: Ball 1-0: Called Strike 1-1: Ball 2-1: Foul Ball, location: 2F 2-2: Foul Ball, location: 2F 2-2: Ball 3-2: Foul Ball, location: 2F 3-2: Foul Ball, location: 2F 3-2: Strikes out swinging
|
Batting: RHB Cedric Price
|
0-0: Swinging Strike 0-1: Called Strike 0-2: Strikes out looking
|
Top of the 5th over - 0 run(s), 0 hit(s), 0 error(s), 0 left on base; Chula Vista 1 - Seattle 0 |
BOTTOM OF THE 5TH |
Seattle Rainiers batting - Pitching for Chula Vista Tacos : RHP Jesús De Los Santos
|
Batting: RHB Jorge Colón
|
0-0: Foul Ball, location: 2F 0-1: Ball 1-1: Swinging Strike 1-2: Strikes out swinging
|
Batting: RHB Robert Marks
|
0-0: Called Strike 0-1: Ball 1-1: Foul Ball, location: 2F 1-2: Strikes out swinging
|
Batting: RHB Doug Williams
|
0-0: Ball 1-0: Called Strike 1-1: Swinging Strike 1-2: Strikes out swinging
|
Bottom of the 5th over - 0 run(s), 0 hit(s), 0 error(s), 0 left on base; Chula Vista 1 - Seattle 0 |
TOP OF THE 6TH |
Chula Vista Tacos batting - Pitching for Seattle Rainiers : RHP Esteban Corona
|
Batting: LHB Karl Hill
|
0-0: Ball 1-0: Bunt for hit - play at first, batter OUT! 1-3
|
Batting: SHB Michael Aisher
|
0-0: Called Strike 0-1: Called Strike 0-2: Strikes out swinging
|
Batting: RHB Ryan Cates
|
0-0: Ball 1-0: Foul Ball, location: 2F 1-1: Foul Ball, location: 2F 1-2: Foul Ball, location: 2F 1-2: Ball 2-2: Foul Ball, location: 2F 2-2: Ball 3-2: Strikes out looking
|
Top of the 6th over - 0 run(s), 0 hit(s), 0 error(s), 0 left on base; Chula Vista 1 - Seattle 0 |
BOTTOM OF THE 6TH |
Seattle Rainiers batting - Pitching for Chula Vista Tacos : RHP Jesús De Los Santos
|
Batting: SHB Vicente Pagán
|
0-0: Swinging Strike 0-1: Ball 1-1: Swinging Strike 1-2: Foul Ball, location: 2F 1-2: Strikes out looking
|
Batting: LHB Tony Rivera
|
0-0: Ball 1-0: Called Strike 1-1: Foul Ball, location: 2F 1-2: Ball 2-2: Ball 3-2: Base on Balls
|
Batting: SHB Glenn Vadnais
|
0-0: Called Strike 0-1: Ball 1-1: Foul Ball, location: 2F 1-2: Strikes out swinging
|
Batting: RHB Edward Melton
|
0-0: Foul Ball, location: 2F 0-1: Ball 1-1: Ball 2-1: 2-RUN HOME RUN (Flyball, 78XD), Distance : 438 ft
|
Batting: RHB Bill Dawson
|
0-0: Ball 1-0: Ball 2-0: Called Strike 2-1: Ball 3-1: Swinging Strike 3-2: Base on Balls
|
Batting: RHB Reynaldo Slomp
|
0-0: Fly out, F2 (Popup, 2RF)
|
Bottom of the 6th over - 2 run(s), 1 hit(s), 0 error(s), 1 left on base; Chula Vista 1 - Seattle 2 |
TOP OF THE 7TH |
Chula Vista Tacos batting - Pitching for Seattle Rainiers : RHP Esteban Corona
|
Batting: RHB Fred Ameris
|
0-0: Foul Ball, location: 2F 0-1: Foul Ball, location: 2F 0-2: Foul Ball, location: 2F 0-2: Ball 1-2: Hit by Pitch
|
Pitching: RHP Domingo García
|
|
Batting: LHB Ken Phillips
|
0-0: Ball 1-0: Called Strike 1-1: SINGLE (Line Drive, 4D) Fred Ameris to second
|
Batting: RHB John Nelson
|
0-0: SINGLE (Groundball, 6M) Fred Ameris to third Ken Phillips to second Runner from 3rd tries for Home, SAFE, no throw or cutoff
|
Batting: RHB José Oliveira
|
0-0: Called Strike 0-1: Ball 1-1: Swinging Strike 1-2: Strikes out swinging
|
Pinch Hitting: RHB Ron Glass
|
0-0: Called Strike 0-1: Ball 1-1: Called Strike 1-2: Foul Ball, location: 2F 1-2: Ball 2-2: Grounds into double play, 6-4-3 (Groundball, 6)
|
Top of the 7th over - 1 run(s), 2 hit(s), 0 error(s), 1 left on base; Chula Vista 2 - Seattle 2 |
BOTTOM OF THE 7TH |
Seattle Rainiers batting - Pitching for Chula Vista Tacos : RHP Jesús De Los Santos
|
Pitching: RHP Jim O'Quinn
|
|
Now in CF: Manny Torrez
|
|
Pinch Hitting: LHB Alan Moore
|
0-0: Ball 1-0: Ground out 4-3 (Groundball, 34D)
|
Batting: RHB Robert Marks
|
0-0: Ball 1-0: Ball 2-0: Fly out, F7 (Flyball, 7M)
|
Batting: RHB Doug Williams
|
0-0: Called Strike 0-1: Ball 1-1: Ball 2-1: Called Strike 2-2: SINGLE (Flyball, 89S)
|
Batting: SHB Vicente Pagán
|
0-0: Ball 1-0: Called Strike 1-1: Ball 2-1: Ground out 4-3 (Groundball, 34)
|
Bottom of the 7th over - 0 run(s), 1 hit(s), 0 error(s), 1 left on base; Chula Vista 2 - Seattle 2 |
TOP OF THE 8TH |
Chula Vista Tacos batting - Pitching for Seattle Rainiers : RHP Domingo García
|
Now at 3B: John Hill
|
|
Pinch Hitting: LHB Ray Bryant
|
0-0: Ball 1-0: Ball 2-0: Ball 3-0: Called Strike 3-1: Foul Ball, location: 2F 3-2: Ground out 4-3 (Groundball, 4M)
|
Batting: LHB Karl Hill
|
0-0: Ball 1-0: Ball 2-0: Ball 3-0: Called Strike 3-1: Swinging Strike 3-2: Ground out 4-3 (Groundball, 34)
|
Pinch Hitting: RHB Doug Brown
|
0-0: Called Strike 0-1: Ball 1-1: Swinging Strike 1-2: Strikes out swinging
|
Top of the 8th over - 0 run(s), 0 hit(s), 0 error(s), 0 left on base; Chula Vista 2 - Seattle 2 |
BOTTOM OF THE 8TH |
Seattle Rainiers batting - Pitching for Chula Vista Tacos : RHP Jim O'Quinn
|
Pitching: LHP Brock Saunders
|
|
Now at 2B: Griswold Coleman
|
|
Now at SS: José Blanco
|
|
Batting: LHB Tony Rivera
|
0-0: Foul Ball, location: 2F 0-1: Ball 1-1: Called Strike 1-2: Foul Ball, location: 2F 1-2: Foul Ball, location: 2F 1-2: Foul Ball, location: 2F 1-2: Strikes out swinging
|
Pitching: LHP Nesto Pérez
|
|
Batting: SHB Glenn Vadnais
|
0-0: Ball 1-0: Ball 2-0: Ball 3-0: Called Strike 3-1: TRIPLE (Flyball, 7D)
|
Pinch Hitting: RHB Jorge Montoya
|
0-0: Intentional Walk
|
Batting: RHB Bill Dawson
|
0-0: Grounds into double play, 4-6-3 (Groundball, 4)
|
Bottom of the 8th over - 0 run(s), 1 hit(s), 0 error(s), 1 left on base; Chula Vista 2 - Seattle 2 |
TOP OF THE 9TH |
Chula Vista Tacos batting - Pitching for Seattle Rainiers : RHP Domingo García
|
Pitching: RHP Steve Benson
|
|
Now at 1B: Jorge Montoya
|
|
Batting: RHB Ryan Cates
|
0-0: Called Strike 0-1: Ground out 1-3 (Groundball, 13)
|
Batting: RHB Fred Ameris
|
0-0: Ball 1-0: Foul Ball, location: 2F 1-1: Ball 2-1: Ball 3-1: SINGLE (Flyball, 89S)
|
Batting: LHB Ken Phillips
|
0-0: Ball 1-0: Called Strike 1-1: Called Strike Fred Ameris is caught stealing 2nd base 1-2: Ball 2-2: Ball 3-2: Foul Ball, location: 2F 3-2: Base on Balls
|
Pinch Runner at 1st Jaime Icaza:
|
|
Batting: RHB John Nelson
|
0-0: Foul Ball, location: 2F 0-1: Ball 1-1: Called Strike 1-2: DOUBLE (Line Drive, 9LS) Jaime Icaza to third Runner from 3rd tries for Home, SAFE, no throw or cutoff
|
Pinch Hitting: LHB Giovannino Arduino
|
0-0: SINGLE (Line Drive, 6D) John Nelson to third Runner from 3rd tries for Home, SAFE, throw made home
|
Batting: RHB Manny Torrez
|
0-0: Ball 1-0: Ball 2-0: Ground out 4-3 (Groundball, 4)
|
Top of the 9th over - 2 run(s), 3 hit(s), 0 error(s), 1 left on base; Chula Vista 4 - Seattle 2 |
BOTTOM OF THE 9TH |
Seattle Rainiers batting - Pitching for Chula Vista Tacos : LHP Nesto Pérez
|
Pitching: RHP Mike Marrero
|
|
Now at C: Dave King
|
|
Now in LF: Jaime Icaza
|
|
Batting: RHB Reynaldo Slomp
|
0-0: Ball 1-0: Ball 2-0: SINGLE (Flyball, 4MD)
|
Pinch Hitting: SHB Nick Cox
|
0-0: Reached on error, E6 (Groundball, 6) Reynaldo Slomp to second
|
Batting: RHB Robert Marks
|
0-0: Grounds into double play, 6-4-3 (Groundball, 6M) Reynaldo Slomp to third
|
Batting: RHB Doug Williams
|
0-0: Foul Ball, location: 2F 0-1: Ball 1-1: Swinging Strike 1-2: Strikes out swinging
|
Bottom of the 9th over - 0 run(s), 1 hit(s), 1 error(s), 1 left on base; Chula Vista 4 - Seattle 2 |
|